 Dungeon Crawl Stone Soup version 0.27-a0-148-g9515ab555c (webtiles) character file.

Game seed: 8715790854213226661

16502 jasper the Fighter (level 12, -22/111 HPs)
             Began as a Palentonga Gladiator on Jan 26, 2021.
             Was an Elder of Ashenzari.
             Killed from afar by a storm dragon (34 damage)
             ... with a bolt of lightning
             ... on level 2 of the Lair of Beasts.
             The game lasted 00:35:26 (17570 turns).

jasper the Fighter (Palentonga Gladiator)          Turns: 17570, Time: 00:35:27

Health: -22/111    AC: 18    Str: 18    XL:     12   Next: 10%
Magic:  12/12      EV: 14    Int:  9    God:    Ashenzari [****..]
Gold:   745        SH:  0    Dex: 16    Spells: 11/11 levels left

rFire    . . .     SeeInvis +   M - +5 scythe "Finisher" {speed, eviscerate} (curse)
rCold    . . .     Faith    .   (shield currently unavailable)
rNeg     . . .     Spirit   .   J - +0 scale mail (curse)
rPois    .         Reflect  .   c - +0 helmet (curse)
rElec    .         Harm     .   (no cloak)
rCorr    .         Rampage  .   I - +0 pair of gloves (curse)
Will     .....     Clarity  +   (no barding)
Stlth    ..........             (no amulet)
HPRegen  0.28/turn              (no ring)
MPRegen  0.13/turn              (no ring)

@: curled up
A: large, rugged brown scales 3, see invisible, deformed body, roll 1, armoured
tail, reflexive curl
a: Rolling Charge, Renounce Religion, Curse Item, Scrying


You were on level 2 of the Lair of Beasts.
You worshipped Ashenzari.
Ashenzari was greatly pleased with you.
You visited 3 branches of the dungeon, and saw 14 of its levels.
You also visited: Sewer and Ossuary.

You collected 745 gold pieces.

Inventory:

Hand Weapons
 a - a +0 quarterstaff
 M - the cursed +5 scythe "Finisher" (weapon) {speed, eviscerate}
   (You found it on level 7 of the Dungeon)

   Attacks with this weapon are significantly faster.
   It has a curse placed upon it.
Missiles
 e - 53 poisoned darts
 k - 454 stones (quivered)
 L - 8 curare-tipped darts
 O - 2 throwing nets
Armour
 c - a cursed +0 helmet (worn)
 E - the +0 hat "Usiops" {rF- Int+8 Stlth+}
   (You found it on level 6 of the Dungeon)

   It affects your intelligence (+8).
   It makes you vulnerable to fire.
   It makes you more stealthy.
 I - a cursed +0 pair of gloves (worn)
 J - a cursed +0 scale mail (worn)
Jewellery
 i - an uncursed amulet of faith
 K - a +6 ring of intelligence
Wands
 p - a wand of flame (5)
 r - a wand of polymorph (15)
 B - a wand of acid (1)
 H - a wand of digging (3)
Scrolls
 d - a scroll of amnesia
 g - 2 scrolls of vulnerability
 l - 6 scrolls of teleportation
 m - 7 scrolls of immolation
 o - 3 scrolls of enchant weapon
 s - a scroll of fog
 u - a scroll of enchant armour {unknown}
 v - 4 scrolls of magic mapping
 x - a scroll of brand weapon
 y - 2 scrolls of noise {unknown}
 A - 3 scrolls of remove curse
 D - 6 scrolls of random uselessness
 F - 2 scrolls of blinking {unknown}
 G - a scroll of holy word {unknown}
Potions
 b - a potion of heal wounds
 h - 3 potions of mutation
 j - 3 potions of lignification
 n - 4 potions of ambrosia
 q - 2 potions of brilliance
 t - 6 potions of flight
 w - a potion of haste
 z - 7 potions of curing
 C - a potion of cancellation
Miscellaneous
 N - a phial of floods


   Skills:
 - Level 9.1 Fighting
 * Level 7.4(12.6) Polearms
 - Level 8.0(9.5) Staves
 - Level 1.3 Throwing
 - Level 7.3(9.7) Armour
 - Level 8.0(10.3) Dodging
 - Level 6.0 Evocations


You had 11 spell levels left.
You didn't know any spells.
Your spell library was empty.

Dungeon Overview and Level Annotations

Branches:
Dungeon (11/15)            Temple (1/1) D:4            Lair (2/6) D:8
  Snake (0/4) Lair:2        Sewer (visited)         Ossuary (visited)
  Swamp: Lair:2-4    Shoals: Lair:2-4       Orc: D:9-12

Altars:
Ashenzari
Cheibriados
Dithmenos
Elyvilon
Fedhas
Gozag
Hepliaklqana
Kikubaaqudgha
Makhleb
Nemelex Xobeh
Okawaru
Qazlal
Ru
Sif Muna
Trog
Uskayaw
Vehumet
Wu Jian
Xom
Yredelemnul
Zin
The Shining One

Annotations:
D:3 exclusion: downstairs
D:6 1 exclusion
D:8 Lair entrance
D:11 Psyche


Innate Abilities, Weirdness & Mutations

You are completely covered in rugged brown scales. (AC +3, +7% HP)
You have supernaturally acute eyesight. (SInv)
Armour fits poorly on your strangely shaped body.
You can roll at nearby foes to attack.
You have a long armoured tail.
You curl defensively after being hit.


Message History

The storm dragon tramples you but does no damage.
You regained 23 hp, and now have 53/111 hp.
As you read the scroll of fear, it crumbles to dust.
You assume a fearsome visage.
The bullfrog looks frightened!
The storm dragon resists with almost no effort.
The storm dragon closely misses you. The storm dragon claws you.
The storm dragon tramples you but does no damage.
The storm dragon closely misses you.
The storm dragon claws you but does no damage.
The storm dragon tramples you but does no damage.
You take 2 damage, and have 51/111 hp.
A nearby fungus withers and dies.
The storm dragon bites you! The storm dragon barely misses you. x2
You take 7 damage, and have 44/111 hp.
You closely miss the storm dragon.
The storm dragon breathes lightning at you.
The bolt of lightning hits you!!
* * * LOW HITPOINT WARNING * * *
The bolt of lightning hits you!!
You die...

..## ###..#########......F....,,
...###P...##..##.#............
..............................
..............................**
..##.P#...##..#####...........,*
..######..P###.# #......#... ,
...# #..## ######..######., ,,
..### ##...######D...# , ,
..#.###.....##..@#....# * *, , *
................^.....# , ,
......................... ,,
..#.###...##.#.P.##....... ,,
..### ##..P########....... , *
..# #...# #....... , * ..##
#..## ....... , ..P# * ..# * ...
* ..## ,.# * , ,,,>, *


You could see a storm dragon (catching breath).

Vanquished Creatures
  A hydra (Lair:1)
  Harold (Lair:1)
  2 two-headed ogres
  A tengu warrior (D:8)
  Nergalle (Lair:2)
  2 elephants (Lair:2)
  A black mamba (D:8)
  A cane toad (Lair:2)
  A komodo dragon (Lair:1)
  A troll (D:10)
  A tengu conjurer (D:9)
  4 blink frogs (Lair:1)
  A slime creature (Lair:1)
  A wyvern (D:8)
  6 wraiths
  A steam dragon (D:8)
  19 yaks
  2 basilisks (D:8)
  4 nagas (Lair:2)
  3 water moccasins (Lair:1)
  2 black bears
  4 ice beasts
  4 sky beasts
  A tengu (D:4)
  A necrophage (D:9)
  4 ogres
  3 wolves (Lair:1)
  4 centaurs
  2 big kobolds
  6 bullfrogs
  A scorpion (D:10)
  3 howler monkeys
  14 wights
  12 jellies
  A quasit (D:6)
  A centaur zombie (Ossuary)
  5 orc priests
  3 hounds
  6 orc wizards
  2 bullfrog skeletons
  A centaur skeleton (D:5)
  Natasha (thrice) (D:2)
  11 worker ants
  3 hound zombies
  2 hound skeletons (D:10)
  5 mummies (Ossuary)
  A howler monkey skeleton (D:10)
  9 adders
  A river rat (Sewer)
  2 ufetubi
  14 oozes
  4 adder skeletons
  2 worms (D:4)
  2 dart slugs
  12 leopard geckos
  24 orcs
  A ball python (D:1)
  17 giant cockroaches
  A gnoll zombie (Ossuary)
  9 hobgoblins
  29 jackals
  4 quokkas
  6 bats
  5 frilled lizards
  7 goblins
  A goblin zombie (Ossuary)
  2 hobgoblin zombies (Ossuary)
  2 jackal zombies
  15 kobolds
  A kobold zombie (Ossuary)
  A leopard gecko skeleton (D:7)
  2 orc zombies (Ossuary)
  A quokka skeleton (D:4)
  16 rats
349 creatures vanquished.

Vanquished Creatures (others)
  18 fungi
  8 plants
26 creatures vanquished.

Grand Total: 375 creatures vanquished

Notes
Turn   | Place    | Note
-------+----------+-------------------------------------------
     0 | D:1      | jasper the Palentonga Gladiator began the quest for the
                  | Orb.
     0 | D:1      | Reached XP level 1. HP: 18/18 MP: 1/1
     1 | D:1      | Found a runed translucent door.
    17 | D:1      | Reached XP level 2. HP: 19/25 MP: 2/2
    37 | D:1      | Reached XP level 3. HP: 22/31 MP: 3/3
   986 | D:2      | Reached skill level 5 in Staves
   986 | D:2      | Reached XP level 4. HP: 38/38 MP: 4/4
  1061 | D:2      | Noticed Natasha
  1068 | D:2      | Killed Natasha
  1157 | D:2      | Noticed Natasha
  1190 | D:2      | Killed Natasha
  1315 | D:2      | Reached XP level 5. HP: 31/43 MP: 5/5
  1801 | D:2      | Noticed Natasha
  1813 | D:2      | Killed Natasha
  2005 | D:3      | Found a glowing drain.
  2026 | Sewer    | Entered a sewer
  2032 | Sewer    | Reached XP level 6. HP: 51/51 MP: 6/6
  2259 | Sewer    | Found a glowing silver altar of Zin.
  2787 | D:3      | Found a radiant altar of Vehumet.
  2789 | D:3      | Found a snail-covered altar of Cheibriados.
  2789 | D:3      | Found a shimmering altar of Xom.
  2795 | D:3      | Found a shimmering blue altar of Sif Muna.
  2795 | D:3      | Found a radiant altar of Vehumet.
  2795 | D:3      | Found a broken altar of Ashenzari.
  3641 | D:5      | Entered Level 5 of the Dungeon
  3761 | D:5      | Found a broken altar of Ashenzari.
  3766 | D:5      | Became a worshipper of Ashenzari the Shackled
  3953 | D:5      | Gained mutation: You curl defensively after being hit.
                  | [Palentonga growth]
  3953 | D:5      | Reached XP level 7. HP: 47/58 MP: 7/7
  4087 | D:5      | Reached skill level 1 in Evocations
  4137 | D:5      | Reached skill level 1 in Armour
  4865 | D:6      | Reached skill level 3 in Fighting
  5030 | D:6      | Reached XP level 8. HP: 67/67 MP: 8/8
  5333 | D:6      | Found a sand-covered staircase.
  5340 | D:6      | Got the uncursed hat "Usiops" {rF- Int+8 Stlth+}
  5346 | Ossuary  | Entered an ossuary
  5649 | D:6      | Reached * piety under Ashenzari
  5665 | D:6      | Reached skill level 4 in Fighting
  5943 | D:6      | Found a sacrificial altar of Ru.
  6392 | D:7      | Noticed a two-headed ogre
  6969 | D:4      | Found a staircase to the Ecumenical Temple.
  7038 | D:4      | Reached XP level 9. HP: 78/78 MP: 9/9
  7321 | D:4      | Found a glowing golden altar of the Shining One.
  7445 | Temple   | Entered the Ecumenical Temple
  7561 | D:7      | Reached ** piety under Ashenzari
  7582 | D:6      | Reached skill level 5 in Fighting
  7895 | D:7      | Identified the +0 hat "Usiops" {rF- Int+8 Stlth+} (You
                  | found it on level 6 of the Dungeon)
  8139 | D:8      | Found a stormy altar of Qazlal.
  8152 | D:8      | Found a shadowy altar of Dithmenos.
  8613 | D:8      | Reached skill level 5 in Dodging
  9609 | D:9      | Reached skill level 5 in Evocations
  9765 | D:9      | Reached skill level 6 in Fighting
  9866 | D:9      | Found a shadowy altar of Dithmenos.
  9898 | D:9      | Noticed a tengu conjurer
  9898 | D:9      | Noticed a tengu warrior
  9910 | D:10     | Entered Level 10 of the Dungeon
 10037 | D:7      | Reached *** piety under Ashenzari
 10157 | D:7      | Found an iron altar of Okawaru.
 10330 | D:7      | Killed a two-headed ogre
 10331 | D:7      | Reached skill level 5 in Armour
 10331 | D:7      | Reached XP level 10. HP: 60/89 MP: 10/10
 10810 | D:7      | Found the +5 scythe "Finisher" {speed, eviscerate}
 10951 | D:8      | Killed a tengu warrior
 10952 | D:8      | Reached skill level 7 in Fighting
 11634 | D:9      | Found a shimmering blue altar of Sif Muna.
 11664 | D:9      | Found a bloodstained altar of Trog.
 11670 | D:9      | Found a snail-covered altar of Cheibriados.
 11670 | D:9      | Found a basalt altar of Yredelemnul.
 11688 | D:9      | Found a shimmering altar of Xom.
 12783 | D:10     | Noticed a deep elf mage
 13225 | D:9      | Reached skill level 8 in Fighting
 13492 | D:11     | Noticed a two-headed ogre
 13494 | D:11     | Noticed a two-headed ogre
 13508 | D:10     | Killed a two-headed ogre
 13509 | D:10     | Reached XP level 11. HP: 30/101 MP: 11/11
 13850 | D:11     | Noticed Psyche
 14601 | D:8      | Found a staircase to the Lair.
 14761 | Lair:1   | Entered Level 1 of the Lair of Beasts
 15105 | Lair:1   | Noticed a five-headed hydra
 15110 | Lair:1   | Killed a five-headed hydra
 15174 | Lair:1   | Noticed Harold
 15184 | Lair:1   | Killed Harold
 15185 | Lair:1   | Reached skill level 9 in Fighting
 15467 | Lair:1   | Reached skill level 1 in Polearms
 16542 | Lair:2   | Noticed Nergalle
 16594 | Lair:1   | Reached skill level 5 in Polearms
 16721 | Lair:2   | Killed Nergalle
 16893 | Lair:2   | Found a staircase to the Snake Pit.
 16903 | Lair:2   | Reached **** piety under Ashenzari
 16997 | Lair:2   | Reached XP level 12. HP: 57/111 MP: 12/12
 17554 | Lair:2   | Noticed a six-headed hydra
 17558 | Lair:2   | Noticed a storm dragon
 17558 | Lair:2   | a six-headed hydra changed into a storm dragon
 17570 | Lair:2   | Killed from afar by a storm dragon

Illustrated notes

Levels and vault maps discovered:
D:1:      dpeg_arrival_caged_fury, layout_basic
D:2:      layout_loops_ring, minmay_misc_feat_alley, uniq_natasha
D:3:      minmay_inner_zag, layout_loops_corners, gup_sewer_entry_pipe,
          doesnt_xom_only_xom
D:4:      minmay_wonky_spiral, layout_basic, marbit_many_paths,
          minmay_temple_entry_hall
D:5:      layout_cave_pools, evilmike_ruin_ashenzari
D:6:      layout_basic, nicolae_ossuary_entry_ruins, nicolae_ru_path_of_blood
D:7:      layout_cave_pools, okawaru_ov_weapons_minmay,
          minmay_guarded_unrand_finisher
D:8:      layout_gridville, lemuel_crystal_altar, erik_lair_dragon,
          nicolae_dithmenos_through_a_glass_darkly
D:9:      layout_basic, kennysheep_mini, grunt_temple_overflow_open, basic_altar
D:10:     layout_gridville, st_stairs_14
D:11:     hangedman_cross_stitches, layout_loops_ring, serial_shops,
          nicolae_shop_statue_plus, uniq_psyche
Temple:   cyrus_circular_temple
Lair:1:   lemuel_slime, layout_hall_layers, uniq_harold
Lair:2:   layout_small_grid, minmay_snake_entry_guardpost_small, uniq_nergalle

Skill      XL: |  1  2  3  4  5  6  7  8  9 10 11 12 |
---------------+-------------------------------------+-----
Staves         | 4 5 6 8 |  8.0
Evocations     | 2 3 5 6 |  6.0
Armour         | 2 3 5 6 7 |  7.3
Dodging        | 3 4 5 7 8 |  8.0
Fighting       | 3 4 6 8 9 |  9.1
Polearms       | 6 7 |  7.4
Throwing       | |  1.3

Action                   |  1- 3 |  4- 6 |  7- 9 | 10-12 || total
-------------------------+-------+-------+-------+-------++-------
Melee: Quarterstaff      |    90 |   254 |   472 |   316 ||  1132
       Tailslap          |     7 |    31 |    64 |    75 ||   177
       Scythe            |       |       |       |   128 ||   128
Throw: Stone             |     1 |    32 |    41 |    49 ||   123
       Throwing net      |     1 |       |     5 |     3 ||     9
       Boomerang         |       |       |    53 |       ||    53
Invok: Curse Item        |       |       |     4 |     1 ||     5
 Abil: Rolling Charge    |     6 |    15 |    20 |    25 ||    66
Evoke: Wand              |       |     3 |    10 |    26 ||    39
       Phial of floods   |       |       |       |     1 ||     1
  Use: Scroll            |     3 |     4 |    14 |     8 ||    29
       Potion            |       |       |     7 |     6 ||    13
 Stab: Held in net/web   |       |       |     5 |       ||     5
       Invisible         |       |       |     3 |     3 ||     6
Armor: Leather armour    |    15 |       |       |       ||    15
       Ring mail         |    21 |    94 |   108 |       ||   223
       Scale mail        |       |       |    41 |   138 ||   179
Dodge: Dodged            |    31 |   100 |   210 |   228 ||   569

Table legend: (Time is in decaauts)
 A = Elapsed time spent in this place.
 B = Non-inter-level travel time spent in this place.
 C = Inter-level travel time spent in this place.
 D = Time resting spent in this place.
 E = Time spent auto-exploring this place.
 F = Levels seen in this place.
 G = Mean time per level.
                   A        B        C        D        E       F      G
               +--------+--------+--------+--------+--------+-----+--------+
         Total |  17530 |  16693 |    837 |   5614 |   7790 |  16 | 1095.6 |
       Dungeon |  14601 |  13837 |    764 |   4570 |   6589 |  11 | 1327.4 |
        Temple |     59 |     51 |      8 |      0 |     50 |   1 |   59.0 |
          Lair |   2296 |   2232 |     64 |    849 |   1019 |   2 | 1148.0 |
         Sewer |    299 |    299 |      0 |    123 |    120 |   1 |  299.0 |
       Ossuary |    273 |    273 |      0 |     72 |     11 |   1 |  273.0 |
               +--------+--------+--------+--------+--------+-----+--------+

Top non-repeatable levels by time:
     D:8: 3060 daAuts
     D:9: 1975 daAuts
  Lair:1: 1551 daAuts
     D:7: 1528 daAuts
     D:4: 1360 daAuts
     D:6: 1243 daAuts
    D:10: 1206 daAuts
     D:5: 1122 daAuts
     D:3: 1059 daAuts
     D:2: 1049 daAuts
     D:1: 892 daAuts
  Lair:2: 745 daAuts
   Sewer: 299 daAuts
 Ossuary: 273 daAuts
    D:11: 102 daAuts
